AoeStats
← LeoConda

Arabia

503305417Analyzed
2v2 RM · 1mo ago on Aug 31, 2026· 50m 46s· 4 players
Game mode
Random Map
Map size
Medium (4 player)
Population
200
Speed
Normal
Resources
Standard
Victory
Conquest
Starting age
Dark Age
Ending age
Imperial Age
RankedLock teamsTeams togetherTeam positionsShared explorationLock speedFull tech treeHidden civsTurbo modeCheats
Victory
Defeat
🇨🇱 Vietnamese · Chile
572
+19
🇨🇱 Lithuanians · Chile
568
+19
🇨🇱 Spanish · Chile
646
-38
🇨🇱 Mapuche · Chile
633
-19
jajavivi
11:45 Feudal Age
18:05 Double-Bit Axe
19:45 Horse Collar
23:48 Castle Age
26:00 Bow Saw
25:49 Gold Mining
26:02 Pikeman
29:04 Ballistics
28:35 Treadmill Crane
29:15 Squires
30:02 Heavy Plow
30:14 Fletching
30:30 Padded Archer Armor
33:56 Arson
35:04 Elite Skirmisher
35:40 Crossbowman
36:26 Thumb Ring
40:45 Imperial Age
39:00 Forging
38:49 Bodkin Arrow
40:32 Scale Mail Armor
43:10 Chemistry
44:25 Bracer
44:41 Leather Archer Armor
44:41 Chain Mail Armor
45:02 Iron Casting
44:34 Scale Barding Armor
43:56 Imperial Skirmisher
47:27 Elite Rattan Archer
51:45 Plate Mail Armor
51:46 Ring Archer Armor
Rafaker
9:40 Feudal Age
19:08 Castle Age
17:26 Horse Collar
17:35 Double-Bit Axe
20:58 Bow Saw
20:50 Heavy Plow
23:41 Wheelbarrow
24:11 Stone Mining
25:55 Husbandry
26:08 Bloodlines
28:56 Scale Barding Armor
29:50 Town Watch
31:24 Gold Mining
32:13 Stone Shaft Mining
32:04 Forging
33:35 Iron Casting
33:21 Chain Barding Armor
33:30 Hill Forts
34:09 Fletching
34:19 Padded Archer Armor
37:48 Imperial Age
35:06 Loom
35:46 Ballistics
35:15 Treadmill Crane
35:34 Heated Shot
36:38 Hand Cart
36:30 Town Patrol
37:05 Caravan
37:13 Bodkin Arrow
39:04 Plate Barding Armor
38:30 Bracer
38:46 Leather Archer Armor
39:32 Cavalier
39:36 Elite Leitis
40:45 Conscription
41:41 Chemistry
41:07 Paladin
43:17 Two-Man Saw
LeoConda
6:57 Loom
11:35 Feudal Age
12:00 Double-Bit Axe
12:03 Horse Collar
15:44 Wheelbarrow
26:26 Castle Age
24:28 Gold Mining
24:31 Stone Mining
25:08 Forging
28:46 Stone Shaft Mining
29:50 Heavy Plow
30:59 Gambesons
32:06 Bow Saw
32:07 Inquisition
33:26 Hand Cart
34:06 Thumb Ring
36:09 Murder Holes
36:44 Ballistics
36:56 Scale Barding Armor
37:53 Town Watch
40:33 Town Patrol
40:20 Pikeman
41:02 Squires
41:42 Scale Mail Armor
42:18 Iron Casting
42:03 Chain Barding Armor
46:57 Imperial Age
48:03 Conscription
47:23 Halberdier
50:20 Hoardings
50:03 Masonry
50:59 Chemistry
vicentejoaquin97
4:11 Loom
11:06 Feudal Age
13:03 Horse Collar
13:17 Double-Bit Axe
18:14 Wheelbarrow
17:35 Horse Collar
23:19 Castle Age
22:18 Fletching
25:52 Heavy Plow
26:02 Bow Saw
25:14 Elite Skirmisher
33:55 Hand Cart
33:25 Town Watch
39:43 Imperial Age
37:36 Pikeman
39:50 Forging
39:36 Bodkin Arrow
39:42 Scale Mail Armor
40:20 Gold Mining
40:21 Stone Mining
41:02 Crop Rotation
47:09 Halberdier
48:31 Conscription
49:50 Iron Casting
49:30 Chain Mail Armor
Connection lost

Rejoining the realm…

Still unreachable

The connection could not be restored.

Session expired

The server has moved on; the page needs a fresh start.